 Dungeon Crawl Stone Soup version 0.24.0-37-gcf1ca852f1 (webtiles) character file.

Game seed: 9204662609220821451, levelgen mode: deterministic

213 Bombadil the Firebug (level 5, 0/28 HPs)
             Began as a Tengu Fire Elementalist on Nov 27, 2019.
             Slain by an adder (4 damage)
             ... on level 2 of the Dungeon.
             The game lasted 00:05:39 (2948 turns).

Bombadil the Firebug (Tengu Fire Elementalist)      Turns: 2948, Time: 00:05:39

Health: 0/28       AC:  2    Str:  9    XL:     5   Next: 90%
Magic:  3/10       EV: 13    Int: 16    God:
Gold:   66         SH:  0    Dex: 12    Spells: 2/10 levels left

rFire    + . .     SeeInvis .   g - +0 dagger (venom)
rCold    + . .     Gourm    .   (no shield)
rNeg     . . .     Faith    .   a - +0 robe
rPois    +         Spirit   .   (helmet restricted)
rElec    +         Reflect  .   (no cloak)
rCorr    +         Harm     .   (no gloves)
MR       .....                  (boots unavailable)
Stlth    ++........             (no amulet)
HPRegen  0.09/turn              n - -2 ring of dexterity (curse)
MPRegen  0.12/turn              (no ring)

@: lethally poisoned (0 -> -4), resistant, very slightly contaminated
A: beak, talons 3, able to fly
a: Fly


You were on level 2 of the Dungeon.
You were not hungry.

You visited 1 branch of the dungeon, and saw 2 of its levels.

You collected 66 gold pieces.

Inventory:

Hand Weapons
 g - a +0 dagger of venom (weapon)
 h - a +0 war axe
Armour
 a - a +0 robe (worn)
Jewellery
 n - a cursed -2 ring of dexterity (left hand)
Wands
 f - a wand of digging (6)
 m - a wand of flame (20)
Scrolls
 d - 3 scrolls of identify
 e - a scroll of teleportation
 j - a scroll of remove curse {unknown}
Potions
 l - a potion of flight
Comestibles
 c - 5 rations


   Skills:
 + Level 0.3 Fighting
 + Level 3.0 Dodging
 + Level 2.5 Stealth
 + Level 0.1 Unarmed Combat
 + Level 3.2 Spellcasting
 * Level 3.9 Conjurations
 + Level 4.4 Fire Magic


You had 2 spell levels left.
You knew the following spells:

 Your Spells              Type           Power        Failure   Level  Hunger
a - Flame Tongue          Conj/Fire      ###..        3%          1    None
b - Sticky Flame          Conj/Fire      ###.....     32%         4    ####...
c - Conjure Flame         Conj/Fire      ###.....     10%         3    ###....

Your spell library contained the following spells:

 Spells                   Type           Power        Failure   Level  Hunger
 Throw Flame              Conj/Fire      ###...       4%          2    ##.....
 Inner Flame              Hex/Fire       #.......     22%         3    ###....
 Fireball                 Conj/Fire      ###.......   65%         5    ######.


Dungeon Overview and Level Annotations

Branches:
Dungeon (2/15)

Altars:
Sif Muna
Trog


Innate Abilities, Weirdness & Mutations

You have a beak for a mouth.
You have claws for feet.
You can fly continuously.


Message History

You are more poisoned.
The adder poisons you!
Casting: Sticky Flame (quite dangerous; 32% risk of failure)
Confirm with . or Enter, or press ? or * to list all spells.
You don't have enough magic to cast that spell.
Unknown command.
You feel sick.
You feel sick. The adder bites you.
You feel sick.
A hobgoblin comes into view. It is wielding a +0 club.
The hobgoblin shouts!
The adder barely misses you.
Found a scroll of identify.
You feel sick.
You see here a flail.
You feel sick. The adder bites you.
* * * LOW HITPOINT WARNING * * *
You feel protected. The adder bites you.
You die...

### ##### #.#
#...####*****
*******#.####....#..,,,,,
*,,,,,,..##......#.#*****
***,***#.####....#.# *,*
#.# #....#.# *,*
#@####....#.######
*##.####S##......)......#
*...g...)##.#.#..#.####.#
*#######.##.#.#<.....##.#
#.รท..#....#.#.##.#
#.####..#...#.##.#
########.#,..............
#........#...............
###.##.#.#...............


You could see an adder.

Vanquished Creatures
  Jessica (D:2)
  Natasha (thrice) (D:2)
  3 adders (D:2)
  2 oozes
  2 worms (D:2)
  2 dart slugs
  5 leopard geckos
  3 ball pythons
  11 bats
  A giant cockroach (D:1)
  10 goblins
  4 hobgoblins
  4 jackals (D:1)
  3 kobolds
  5 frilled lizards
  7 rats
66 creatures vanquished.

Notes
Turn   | Place    | Note
-------+----------+-------------------------------------------
     0 | D:1      | Bombadil the Tengu Fire Elementalist began the quest for
                  | the Orb.
     0 | D:1      | Reached XP level 1. HP: 10/10 MP: 4/4
   176 | D:1      | Reached XP level 2. HP: 9/15 MP: 3/6
   637 | D:1      | Reached XP level 3. HP: 17/19 MP: 3/7
  1209 | D:1      | Reached skill level 4 in Fire Magic
  1682 | D:2      | Reached XP level 4. HP: 24/24 MP: 6/9
  1691 | D:2      | Learned a level 4 spell: Sticky Flame
  1695 | D:2      | Learned a level 3 spell: Conjure Flame
  1786 | D:2      | Noticed Natasha
  1798 | D:2      | Killed Natasha
  1835 | D:2      | Noticed Natasha
  1890 | D:2      | Noticed Jessica
  1896 | D:2      | Killed Natasha
  1908 | D:2      | Noticed Natasha
  1909 | D:2      | Gained mutation: You can fly continuously. [Tengu growth]
  1909 | D:2      | Reached XP level 5. HP: 24/28 MP: 1/10
  1982 | D:2      | Killed Natasha
  2485 | D:2      | Found a bloodstained altar of Trog.
  2485 | D:2      | Found a shimmering blue altar of Sif Muna.
  2690 | D:2      | Killed Jessica
  2948 | D:2      | Slain by an adder

Levels and vault maps discovered:
D:1:      minmay_arrival_widening_spiral_wide, layout_basic, solitary_fountain,
          st_stairs_8
D:2:      layout_basic, gammafunk_temple_overflow_elements, first_ration,
          uniq_natasha, uniq_jessica

Skill      XL: |  1  2  3  4  5 |
---------------+----------------+-----
Fire Magic     | 4 |  4.4
Conjurations   | 2 3 |  3.9
Spellcasting   | 3 |  3.2
Dodging        | 3 |  3.0
Fighting       | |  0.3
Stealth        | |  2.5
Unarmed Combat | |  0.1

Action                   |  1- 3 |  4- 6 || total
-------------------------+-------+-------++-------
Melee: Unarmed           |     6 |       ||     6
       Kick              |     1 |       ||     1
       War axe           |       |     1 ||     1
 Cast: Flame Tongue      |    75 |    41 ||   116
       Sticky Flame      |       |     7 ||     7
  Use: Scroll            |       |     6 ||     6
       Potion            |       |     4 ||     4
  Eat: Chunk             |     3 |     6 ||     9
Armor: Robe              |    12 |     6 ||    18
Dodge: Dodged            |    37 |    16 ||    53
